[Event "*** Titled Tuesday 3|2 Blitz"]
[Site "Chess.com"]
[Date "2016.02.02"]
[Round "4"]
[White "BillieKimbah"]
[Black "Noukii"]
[Result "0-1"]
[WhiteElo "2497"]
[BlackElo "2713"]
[TimeControl "180+2"]
[EndTime "17:46:09 PST"]
[Termination "Noukii won by resignation"]

1. d4 d5 2. Nf3 Nf6 3. Bf4 c5 4. e3 Nc6 5. c3 e6 6. Nbd2 Bd6 7. Bg3 O-O 8. Bd3 b6 9. e4 Be7 10. e5 Nh5 11. a3 a5 12. Qe2 f5 13. exf6 Bxf6 14. Ne5 Bxe5 15. Bxh7+ Kxh7 16. Qxh5+ Kg8 17. Bxe5 Rf5 18. Qe2 Nxe5 19. dxe5 Qg5 20. O-O-O Ba6 21. Qe3 Qxe3 22. fxe3 Rxe5 23. Rde1 Rf8 24. Nf3 Re4 25. h3 e5 26. Ng5 Rh4 27. Nf3 Rh5 28. g4 Rh6 29.
Ng5 Rf2 30. Rd1 Bc4 31. Rd2 Rhf6 32. Rhd1 Rxd2 33. Rxd2 e4 34. b4 a4 35. Kb2 Bd3 36. Rg2 Rf1 37. bxc5 bxc5 38. Ne6 c4 39. Nd4 Kf7 40.
h4 g6 41. h5 gxh5 42. gxh5 Rh1 43. Rg5 Rh3 44. Rxd5 Rxe3 45. Rd7+ Kf6 46. h6 Rh3 47. Rd6+ Kg5 48. Ne6+ Kg4 49. Nc5 e3 50. Rd4+ Kf3 51. Nxd3 cxd3 52. Rxd3 Rh2+ 53. Kc1 Rxh6 54. c4 Ke4 55. Rd1 Rc6 56. Rh1 Rxc4+ 57. Kb2 e2 58. Rh4+ Kd3 0-1

[Event "*** Titled Tuesday 3|2 Blitz"]
[Site "Chess.com"]
[Date "2016.02.02"]
[Round "4"]
[White "DaPazz"]
[Black "Jahonas"]
[Result "1/2-1/2"]
[WhiteElo "1993"]
[BlackElo "2195"]
[TimeControl "180+2"]
[EndTime "17:46:29 PST"]
[Termination "Game drawn - insufficient material"]

1. d4 c5 2. dxc5 Na6 3. Be3 e6 4. g3 Nxc5 5. Bg2 d5 6. Nf3 Nf6 7. O-O Be7 8. Bd4 O-O 9. b3 b6 10. c4 Bb7 11. Ne5 Qc7 12. Nc3 dxc4 13. Bxb7 Qxb7 14.
Nxc4 Rfd8 15. e3 Nce4 16. Nxe4 Qxe4 17. Qb1 Qg4 18. Ne5 Qh3 19. f3 Rd5 20. Qb2 Bc5 21.
Bxc5 bxc5 22. e4 Rd6 23. Nc4 Rd4 24. Rad1 Rad8 25. Rxd4 Rxd4 26. Qg2 Qxg2+ 27. Kxg2 Nd7 28. Rf2 Nb6 29. Na5 g5 30. Nc6 Rd7 31. Rc2 Kg7 32. h3 h5 33. Kf2 a6 34. Ke2 Rc7 35. Ne5 Kf6 36. f4 h4 37. Ng4+ Kg6 38. Ne5+ Kf6 39.
Ng4+ Kg6 40. gxh4 gxf4 41. Kf3 f5 42. h5+ Kxh5 43. exf5 exf5 44. Nf6+ Kg6 45. Ne8 Re7 46. Nd6 Re3+ 47. Kxf4 Rxh3 48. Rg2+ Kf6 49. Nxf5 Nd5+ 50. Ke4 Nc3+ 51. Kf4 Nd5+ 52. Kg4 Rc3 53. Rf2 Ke5 54. Re2+ Kf6 55. Nd6 Re3 56. Ne4+ Ke5 57. Rxe3 Nxe3+ 58. Kf3 Nd1 59. Nxc5 Nc3 60. Nxa6 Nxa2 61. b4 Nxb4 62. Nxb4 1/2-1/2

[Event "*** Titled Tuesday 3|2 Blitz"]
[Site "Chess.com"]
[Date "2016.02.02"]
[Round "4"]
[White "HansCoolNiemann"]
[Black "jcibarra"]
[Result "0-1"]
[WhiteElo "2202"]
[BlackElo "2496"]
[TimeControl "180+2"]
[EndTime "17:46:37 PST"]
[Termination "jcibarra won by checkmate"]

1. d4 Nf6 2. c4 d6 3. Nf3 g6 4. Nc3 Bf5 5. Nh4 Bd7 6. Nf3 Bf5 7. Nh4 Bg4 8. h3 Bd7 9. Nf3 Bf5 10.
Nh4 Bc8 11. e4 Bg7 12. Nf3 O-O 13. Be2 e5 14. dxe5 dxe5 15. Qxd8 Rxd8 16. Bg5 Na6 17.
Nxe5 Re8 18. f4 h6 19. Bh4 g5 20. Bg3 Nc5 21. Bf3 gxf4 22. Bxf4 Rxe5 23. Bxe5 Nd3+ 24. Ke2 Nxe5 25. Rad1 Be6 26. b3 c6 27. Rd2 Nxf3 28.
Kxf3 Nd7 29. Ne2 Ne5+ 30. Kf2 c5 31. Rhd1 Nc6 32. Nf4 Bd4+ 33. Ke2 a5 34. Rd3 Re8 35. Rg3+ Kh7 36. Kd3 Nb4+ 37. Ke2 Nxa2 38. Rf1 Re7 39.
Nxe6 fxe6 40. Rf8 Be5 41. Rgf3 Kg7 42. Rd8 Bf6 43. Rg3+ Kh7 44. Rf8 Be5 45. Rgf3 Kg7 46. Rd8 Nb4 47. h4 Nc6 48. Rff8 Nxd8 49. Rxd8 h5 50. Rc8 Rc7 51. Ra8 b6 52. Rb8 Rc6 53. Rb7+ Kg6 54. Kf3 Bf6 55. g4 Bxh4 56. gxh5+ Kxh5 57. Rh7+ Kg5 58. Rg7+ Kf6 59. Rh7 Be1 60. Kf4 Bd2+ 61.
Kf3 Ke5 62. Rd7 Rd6 63. Rh7 Rd3+ 64. Ke2 Rd4 65. Rh5+ Kxe4 66. Rh4+ Bf4 67. Rh3 Rd2+ 68. Ke1 Rd3 69. Rh7 Rxb3 70. Re7 e5 71. Rd7 Kf3 72. Rb7 Rb1# 0-1

[Event "*** Titled Tuesday 3|2 Blitz"]
[Site "Chess.com"]
[Date "2016.02.02"]
[Round "4"]
[White "Zazuliak"]
[Black "GianmarcoVaR"]
[Result "0-1"]
[WhiteElo "2310"]
[BlackElo "2249"]
[TimeControl "180+2"]
[EndTime "17:46:43 PST"]
[Termination "GianmarcoVaR won by resignation"]

1. d4 g6 2. c4 Bg7 3. Nf3 d6 4.
Nc3 Nd7 5. e4 e5 6. Be2 Ne7 7. O-O O-O 8. d5 f5 9. Ng5 Nf6 10. f4 Nxe4 11. Ncxe4 fxe4 12. fxe5 Bxe5 13. Rxf8+ Qxf8 14. Nxe4 h6 15. Bf3 Qg7 16. Qe2 Nf5 17.
Rb1 Nd4 18. Qd3 Bf5 19. Be3 Nxf3+ 20. gxf3 b6 21. b4 a5 22. a3 axb4 23. axb4 Ra2 24.
Bf2 Bxh2+ 25. Kg2 Be5 26. Kg1 g5 27. Qb3 Re2 28. Qd3 Bxe4 29. fxe4 Rb2 30. Rxb2 Bxb2 31. c5 bxc5 32. bxc5 dxc5 33. Bxc5 Be5 34. Qb5 Qf7 35. Qc6 Kh7 36. Kg2 g4 37. Kg1 h5 38. d6 cxd6 39. Bf2 g3 40. Be3 h4 41. Qc8 Bf4 42. Bd4 Be5 43. Be3 Qf3 44. Qd7+ Bg7 45. Bd4 Qd1+ 46. Kg2 Qxd4 47. Qf5+ Kg8 48. Qe6+ Kf8 49.
Qc8+ Ke7 50. Qc7+ Kf6 51. Qd8+ Ke5 52. Qe7+ Kf4 53. Qxh4+ Ke3 54. Qxg3+ Kxe4 55. Qf3+ Ke5 56. Qg3+ Kd5 57. Qg5+ Kc4 58. Qc1+ Kb3 59. Kf1 Qc4+ 60.
Qxc4+ Kxc4 0-1

[Event "*** Titled Tuesday 3|2 Blitz"]
[Site "Chess.com"]
[Date "2016.02.02"]
[Round "4"]
[White "Thomaslegend"]
[Black "spirals5"]
[Result "1-0"]
[WhiteElo "2112"]
[BlackElo "2216"]
[TimeControl "180+2"]
[EndTime "17:46:44 PST"]
[Termination "Thomaslegend won by checkmate"]

1. Nf3 d5 2. g3 Nf6 3. Bg2 c5 4. O-O Nc6 5. d4 e6 6. c4 Be7 7.
dxc5 Bxc5 8. cxd5 Qxd5 9. Nc3 Qxd1 10. Rxd1 O-O 11. Nb5 Bd7 12. Nd6 Rab8 13. Bf4 Nd5 14. Ne4 Bb6 15. Bxb8 Rxb8 16. Nc3 Nxc3 17. bxc3 Be8 18.
Nd4 Na5 19. Nb3 Nc4 20. a4 a5 21.
Nd4 g6 22. Nb5 Ne5 23. Nd6 Bc6 24. Rab1 Bxa4 25. Rdc1 Bc5 26. Nxb7 Ba3 27. Rf1 Bc2 28. Ra1 Be7 29. Rxa5 Nc4 30. Ra7 Kf8 31. Na5 Nxa5 32. Rxa5 Kg7 33. Rc1 Rb2 34. Kf1 Bf6 35. c4 Bc3 36. Ra7 Bb4 37. Rb7 e5 38. f4 exf4 39. Rxb4 Rxb4 40. Rxc2 fxg3 41. hxg3 Rb8 42. c5 Rc8 43. c6 Rc7 44. Rb2 Kf6 45. Rb7 Rc8 46. c7 Ke7 47. Bd5 f5 48. Kf2 Kd6 49. Bb3 Rxc7 50.
Rxc7 Kxc7 51. Bg8 h6 52. Bh7 g5 53. Bxf5 Kd6 54. Kf3 Ke5 55. Bg6 Kf6 56. Bh5 Kf5 57. g4+ Ke5 58. Ke3 Kd5 59. Kd3 Ke5 60. e3 Kd5 61. e4+ Ke5 62. Ke3 Ke6 63. Kd4 Kd6 64.
e5+ Ke6 65. Ke4 Ke7 66. Kf5 Kd7 67. e6+ Ke7 68. Ke5 Kf8 69. Kf6 Kg8 70. e7 Kh7 71.
Bg6+ Kh8 72. e8=Q# 1-0

[Event "*** Titled Tuesday 3|2 Blitz"]
[Site "Chess.com"]
[Date "2016.02.02"]
[Round "4"]
[White "LADIESGET2KNOWME"]
[Black "dcremisi"]
[Result "1-0"]
[WhiteElo "2320"]
[BlackElo "2150"]
[TimeControl "180+2"]
[EndTime "17:46:59 PST"]
[Termination "LADIESGET2KNOWME won by checkmate"]

1. d4 Nf6 2. c4 e6 3. Nf3 d5 4. g3 c6 5. Bg2 dxc4 6. O-O b5 7.
Ne5 Nd5 8. e4 Nb6 9. Nc3 Bb7 10.
Qh5 g6 11. Nxg6 fxg6 12. Qe5 Rg8 13. Qxe6+ Qe7 14. Qxg8 N8d7 15. d5 Nf6 16. Qe6 Qxe6 17. dxe6 Ke7 18. e5 Nfd5 19. Bh3 h6 20. Ne4 Bc8 21.
Nc5 Nc7 22. a4 Nxe6 23. Nxe6 Bxe6 24. Bxe6 Kxe6 25. axb5 cxb5 26. Be3 Na4 27. Rfb1 Kxe5 28. b3 Nc3 29. Rb2 Nd5 30. bxc4 bxc4 31. Rxa7 Rxa7 32. Bxa7 c3 33. Re2+ Kf5 34. Bd4 Bd6 35. Kg2 g5 36. h3 Ba3 37. Re5+ Kg6 38. Rxd5 c2 39. Be3 c1=Q 40. Bxc1 Bxc1 41. g4 Bf4 42.
Kf3 h5 43. Ke4 hxg4 44. hxg4 Kf6 45. Ra5 Ke7 46. Kf5 Bd2 47. Ra6 Kf7 48. Rg6 Be1 49.
f3 Bh4 50. Rxg5 Bxg5 51. Kxg5 Kg7 52. f4 Kf7 53. f5 Kg7 54. Kf4 Kf7 55. g5 Ke7 56.
Ke5 Kf8 57. f6 Ke8 58. Ke6 Kf8 59. f7 Kg7 60. Ke7 Kh7 61. f8=Q Kg6 62. Qf6+ Kh7 63. g6+ Kh6 64. g7+ Kh7 65. Qf5+ Kh6 66. Qg4 Kh7 67.
g8=Q+ Kh6 68. Qh4# 1-0

[Event "*** Titled Tuesday 3|2 Blitz"]
[Site "Chess.com"]
[Date "2016.02.02"]
[Round "4"]
[White "attack2mateU"]
[Black "Silent_Terror"]
[Result "1-0"]
[WhiteElo "2489"]
[BlackElo "2557"]
[TimeControl "180+2"]
[EndTime "17:47:12 PST"]
[Termination "attack2mateU won by checkmate"]

1. e4 e6 2. d4 d5 3. Nd2 a6 4. Ngf3 Nf6 5. e5 Nfd7 6. Bd3 c5 7. c3 Nc6 8. O-O Be7 9. Re1 g5 10.
dxc5 g4 11. Nd4 Ndxe5 12. N2b3 h5 13. Bf4 Bf6 14. Nxc6 Nxc6 15. Bd6 Be7 16. Bxe7 Qxe7 17. c4 dxc4 18. Bxc4 Bd7 19. Qe2 Qg5 20. Rad1 Rd8 21.
Rd6 h4 22. Red1 g3 23. h3 gxf2+ 24. Qxf2 Rg8 25. Bf1 Ne5 26. c6 bxc6 27. Nc5 Qg3 28. Qxg3 Rxg3 29. Bxa6 Ke7 30. Bf1 Rgg8 31. a4 Bc8 32.
Rxd8 Rxd8 33. Rxd8 Kxd8 34. a5 Kc7 35. Kf2 f5 36. g3 Ng6 37. gxh4 Nxh4 38. Kg3 Ng6 39. h4 e5 40. h5 Nf8 41. Kh4 Kd6 42. b4 Nh7 43. a6 Bxa6 44. Bxa6 Kd5 45. h6 e4 46. Kh5 Ke5 47. Kg6 Nf6 48. Kg7 Nh5+ 49. Kf7 Nf6 50. Nd7+ Nxd7 51. h7 Kf4 52. h8=Q Ne5+ 53. Kf6 Ng4+ 54.
Ke6 e3 55. Kd6 Kf3 56. Kxc6 f4 57. Qh5 Kg3 58. Be2 Nh2 59. b5 f3 60. Bxf3 Nxf3 61. Qe8 Kf2 62. Kc5 e2 63. b6 e1=Q 64. Qxe1+ Kxe1 65. Kd5 Ng5 66. b7 Nf3 67. b8=Q Kf2 68. Qb6+ Kg3 69.
Ke4 Ng5+ 70. Kf5 Nf3 71. Qe3 Kg2 72. Kf4 Nh2 73. Qe2+ Kh1 74. Kg3 Nf1+ 75. Qxf1# 1-0

[Event "*** Titled Tuesday 3|2 Blitz"]
[Site "Chess.com"]
[Date "2016.02.02"]
[Round "4"]
[White "DanielNaroditsky"]
[Black "gmcorrales"]
[Result "1-0"]
[WhiteElo "2563"]
[BlackElo "2456"]
[TimeControl "180+2"]
[EndTime "17:47:46 PST"]
[Termination "DanielNaroditsky won on time"]

1. b3 d5 2. Bb2 Nf6 3. e3 e6 4. Nf3 Be7 5. c4 O-O 6. Be2 c5 7. O-O Nc6 8. d4 cxd4 9. exd4 b6 10. Nc3 Bb7 11. Rc1 Rc8 12. Re1 Bb4 13. a3 Bd6 14. cxd5 exd5 15. Bd3 a6 16. Bb1 Rc7 17. Qd3 g6 18.
Ne5 Re8 19. Na4 Nxe5 20. dxe5 Rxc1 21. Rxc1 Bxe5 22. Bxe5 Rxe5 23. Qd4 Re6 24. Bd3 h5 25. h3 Qd6 26. b4 Ne4 27. Rd1 b5 28. Bxe4 bxa4 29. Bf3 Bc6 30. g3 Qe5 31. Bxd5 Bxd5 32. Qxd5 Qxd5 33. Rxd5 Re1+ 34. Kg2 Ra1 35. Rd3 Rb1 36.
Kf3 Kg7 37. Ke4 Rb2 38. Rf3 Rd2 39. g4 h4 40. Ke3 Rd1 41. Ke2 Rb1 42. Kd3 Rc1 43.
Kd4 Kf8 44. Rc3 Rb1 45. Kc5 Rb3 46. Re3 f5 47. gxf5 g5 48. Kd4 Kf7 49. f3 Rb1 50.
Ke5 Rh1 51. f4 gxf4 52. Kxf4 Rb1 53. Kg4 Rb3 54. Re6 Rxa3 55. Rxa6 Ra1 56. Kxh4 a3 57. Kg5 Rg1+ 58. Kf4 Rf1+ 59. Ke5 Re1+ 60. Kd5 Re3 61.
h4 Rh3 62. Ke5 Rxh4 63. Ra7+ Kg8 64. b5 Rb4 65. Kf6 Rxb5 66. Kg6 Kf8 67. f6 Rb8 68. Rxa3 Rc8 69. Rh3 Kg8 70. f7+ Kf8 71. Rh8+ 1-0

[Event "*** Titled Tuesday 3|2 Blitz"]
[Site "Chess.com"]
[Date "2016.02.02"]
[Round "4"]
[White "gmjoey1"]
[Black "Malev212"]
[Result "1/2-1/2"]
[WhiteElo "2449"]
[BlackElo "2331"]
[TimeControl "180+2"]
[EndTime "17:47:47 PST"]
[Termination "Game drawn by repetition"]

1. e4 c5 2. c3 e6 3. d4 d5 4. exd5 exd5 5. Nf3 a6 6. g3 Nc6 7.
Bg2 cxd4 8. Nxd4 Nf6 9. O-O Be7 10. Re1 O-O 11. h3 Re8 12. Be3 Ne5 13. Qb3 Nc4 14. Bf4 h6 15. Nd2 g5 16. Be3 Qc7 17. Nxc4 dxc4 18. Qc2 Bf8 19. Nf5 Re5 20. g4 Bxf5 21.
gxf5 Rae8 22. Qd2 Bc5 23. Bxc5 Qxc5 24. Bxb7 Rxf5 25. Rxe8+ Nxe8 26. Re1 Nd6 27. Bg2 Rf4 28. Qe3 Qxe3 29. Rxe3 Rf5 30. Re2 Ra5 31. Rd2 Nf5 32. Rd5 Rxd5 33. Bxd5 Nd6 34. b3 cxb3 35. axb3 Kg7 36.
c4 Kf6 37. c5 Nb5 38. Bc4 Nc7 39. Kg2 Ke5 40. Bxf7 Kd4 41. Kg3 Kxc5 42. Kg4 Kd4 43. Kh5 Ke5 44. Kxh6 Kf6 45. Bc4 a5 46. Kh5 Na8 47. Kg4 Nb6 48. Bd3 a4 49. b4 a3 50.
Bb1 Na4 51. Ba2 Nc3 52. Bb3 a2 53. Bxa2 Nxa2 54. b5 Nb4 55. b6 Nc6 56. b7 Nb8 57. f4 gxf4 58. Kxf4 Nd7 59. Ke3 Ke6 60. h4 Kd6 61. h5 Kc7 62. h6 Nf8 63. Ke4 Kxb7 64. Kf5 Kc7 65. Kf6 Kd7 66. Kf7 Nh7 67. Kg6 Ke7 68.
Kxh7 Kf7 69. Kh8 Kf8 70. Kh7 Kf7 71. Kh8 Kf8 72. Kh7 Kf7 73. Kh8 Kf8 74. Kh7 Kf7 75.
Kh8 1/2-1/2

[Event "*** Titled Tuesday 3|2 Blitz"]
[Site "Chess.com"]
[Date "2016.02.02"]
[Round "4"]
[White "tac49"]
[Black "ItalianMachine"]
[Result "1/2-1/2"]
[WhiteElo "2468"]
[BlackElo "2240"]
[TimeControl "180+2"]
[EndTime "17:48:28 PST"]
[Termination "Game drawn by agreement"]

1. e4 e5 2. Nc3 Nc6 3. Nf3 g6 4. d4 exd4 5. Nxd4 Bg7 6. Nxc6 bxc6 7. Bc4 Ne7 8. O-O O-O 9. Bb3 d6 10. Bg5 Be6 11. f4 Bxb3 12. axb3 f6 13. Bh4 Qd7 14.
Qd3 f5 15. Bxe7 Qxe7 16. Qc4+ Kh8 17. exf5 Rxf5 18. Qxc6 Raf8 19. g3 g5 20. Rae1 Qf7 21.
Qc4 Qxc4 22. bxc4 Bxc3 23. bxc3 Rc5 24. Re4 gxf4 25. gxf4 a5 26. Kf2 a4 27. Ke3 a3 28.
Kd3 Ra8 29. Rfe1 Ra7 30. Rg1 Ra8 31. Rge1 Ra7 32. Re7 a2 33. Rd7 Ra8 34. Ra1 Rc6 35. Kd2 Rxc4 36. f5 Rf4 37. Rxc7 Rxf5 38. Rb7 Rf2+ 39.
Kd3 Rxh2 40. Rb2 Rh3+ 41. Kd2 Rh2+ 42. Kd3 Rh3+ 43. Kd4 Ra4+ 44. c4 Rh4+ 45. Kd5 Rhxc4 46. Raxa2 Rd4+ 47. Ke6 Rxa2 48. Rxa2 Kg7 49. c3 Rd3 50. Rg2+ Kh6 51. c4 Rd4 52. Kf6 Rf4+ 53. Ke6 Rxc4 54.
Kxd6 Kh5 55. Ke5 Rg4 56. Rh2+ Kg6 57. Rf2 h5 58. Rf8 Kg5 59. Rh8 Ra4 60. Rg8+ Kh4 61. Rg7 Kh3 62. Rg8 h4 63. Kf5 Kh2 64. Rg7 h3 65. Rg8 Kh1 66. Rg7 h2 67. Rg8 Ra2 68. Kf4 Rg2 69. Rb8 Kg1 70. Rb1+ Kf2 71. Rh1 Ke2 72. Ra1 Kf2 73. Rh1 Ke2 1/2-1/2

[Event "*** Titled Tuesday 3|2 Blitz"]
[Site "Chess.com"]
[Date "2016.02.02"]
[Round "5"]
[White "HansCoolNiemann"]
[Black "dsanchez1973"]
[Result "1-0"]
[WhiteElo "2205"]
[BlackElo "1960"]
[TimeControl "180+2"]
[EndTime "17:52:11 PST"]
[Termination "HansCoolNiemann won by resignation"]

1. d4 d5 2. c4 c6 3. Nf3 e6 4.
e3 Nf6 5. Nbd2 c5 6. cxd5 Nxd5 7. dxc5 Bxc5 8. a3 Nc6 9. b4 Bb6 10. Bb2 O-O 11. Bc4 Bxe3 12. fxe3 Nxe3 13. Qe2 Nc2+ 14. Kf2 Nxa1 15. Bxa1 Qb6+ 16. Qe3 Qxe3+ 17. Kxe3 a6 18. Rc1 Bd7 19. Ne4 Na7 20. Ne5 Bb5 21. Bb3 Nc6 22. a4 Nxe5 23. axb5 Ng4+ 24. Kf4 f5 25. Ng5 h6 26. Nxe6 Kh7 27. Nxf8+ Rxf8 28. Rc7 Nxh2 1-0

[Event "*** Titled Tuesday 3|2 Blitz"]
[Site "Chess.com"]
[Date "2016.02.02"]
[Round "5"]
[White "chessking2151"]
[Black "Konavets"]
[Result "0-1"]
[WhiteElo "2247"]
[BlackElo "2518"]
[TimeControl "180+2"]
[EndTime "17:52:54 PST"]
[Termination "Konavets won by resignation"]

1. e4 c6 2. d4 Na6 3. c4 d5 4. exd5 cxd5 5. cxd5 Nf6 6. Nf3 Nxd5 7.
Ne5 Nac7 8. Be2 g6 9. h4 Bg7 10. h5 O-O 11. hxg6 hxg6 12. a3 Bf5 13. g4 Bxb1 14. Rxb1 Ne6 15. Qd3 Ndf4 16. Qg3 Qxd4 17. Qh2 Rfd8 18. Qh7+ Kf8 0-1

[Event "*** Titled Tuesday 3|2 Blitz"]
[Site "Chess.com"]
[Date "2016.02.02"]
[Round "5"]
[White "kharposh"]
[Black "Kanthecarowin"]
[Result "0-1"]
[WhiteElo "2047"]
[BlackElo "2165"]
[TimeControl "180+2"]
[EndTime "17:54:17 PST"]
[Termination "Kanthecarowin won by resignation"]

1. e4 c6 2. d4 d5 3. Nc3 dxe4 4. Nxe4 Bf5 5. Ng3 Bg6 6. Nf3 Nd7 7. Bc4 e6 8. O-O Ngf6 9. Qe2 Be7 10. Ne5 Nxe5 11.
dxe5 Nd5 12. f4 O-O 13. f5 exf5 14. Nxf5 Bg5 15. e6 fxe6 16. Qxe6+ Kh8 17. Bxd5 cxd5 18. Bxg5 Qxg5 19. Nd4 Rfe8 20. Qd7 Qe3+ 21. Kh1 Qxd4 22.
Rad1 Qc4 23. Rxd5 0-1

[Event "*** Titled Tuesday 3|2 Blitz"]
[Site "Chess.com"]
[Date "2016.02.02"]
[Round "5"]
[White "lionheart95"]
[Black "brauliocuarta"]
[Result "0-1"]
[WhiteElo "2243"]
[BlackElo "1983"]
[TimeControl "180+2"]
[EndTime "17:54:54 PST"]
[Termination "brauliocuarta won by checkmate"]

1. e4 c5 2. Nf3 e6 3. d4 cxd4 4. Nxd4 a6 5. c4 Nf6 6. Nc3 Bb4 7. Qd3 d5 8. exd5 exd5 9. Be2 O-O 10. O-O Nc6 11.
Nxc6 bxc6 12. cxd5 Nxd5 13. Nxd5 cxd5 14. Be3 Be6 15. a3 Bd6 16. Bf3 Qb8 17. g3 Rd8 18. b4 Be5 19. Rac1 Qb5 20. Qd2 d4 21. Bg5 f6 22.
Bxa8 Rxa8 23. Bf4 Bh3 24. Rfe1 Qd5 25. f3 Qxf3 26. Bxe5 fxe5 27. Rxe5 Rf8 28. Ree1 d3 29. Rcd1 h5 30. Qe3 Qg2# 0-1

[Event "*** Titled Tuesday 3|2 Blitz"]
[Site "Chess.com"]
[Date "2016.02.02"]
[Round "5"]
[White "Dr-Bassem"]
[Black "AndreyOstrovskiy"]
[Result "1-0"]
[WhiteElo "2482"]
[BlackElo "2452"]
[TimeControl "180+2"]
[EndTime "17:54:55 PST"]
[Termination "Dr-Bassem won by resignation"]

1. e4 e5 2. Nf3 Nc6 3. Bb5 a6 4.
Ba4 Nf6 5. Qe2 Be7 6. O-O b5 7. Bb3 d6 8. a4 b4 9. Qc4 O-O 10. Qxc6 Bg4 11. Nh4 Nh5 12. Nf5 Nf4 13. d3 Ne2+ 14. Kh1 Bg5 15. Bxg5 Qxg5 16. Qxc7 Bf3 17. gxf3 Qf4 18. Kg2 g6 19. Ng3 Nd4 20. Nd2 Qxd2 21. Rae1 h5 22. Qxd6 Qg5 23. h4 1-0

[Event "*** Titled Tuesday 3|2 Blitz"]
[Site "Chess.com"]
[Date "2016.02.02"]
[Round "5"]
[White "Recombinant"]
[Black "Dlugy"]
[Result "0-1"]
[WhiteElo "2226"]
[BlackElo "2566"]
[TimeControl "180+2"]
[EndTime "17:54:59 PST"]
[Termination "Dlugy won by resignation"]

1. d4 Nf6 2. c4 g6 3. Nc3 Bg7 4.
Bg5 O-O 5. e3 c5 6. Nf3 cxd4 7.
exd4 d5 8. cxd5 Nxd5 9. Be2 Nc6 10. O-O Be6 11. Be3 h6 12. Rc1 Rc8 13. a3 Qa5 14. Nxd5 Bxd5 15. Rc5 Qd8 16. Qc2 b6 17. Rc3 Bxf3 18.
Bxf3 Nxd4 19. Bxd4 Bxd4 20. Rxc8 Qxc8 21. Qe2 e6 22. Rd1 Rd8 23. h3 Qc5 24. Kh1 Rc8 25.
Be4 Kg7 26. Rd2 Qc1+ 27. Kh2 Rd8 28. g3 Bxf2 0-1

[Event "*** Titled Tuesday 3|2 Blitz"]
[Site "Chess.com"]
[Date "2016.02.02"]
[Round "5"]
[White "davidarenas1224"]
[Black "GM_Huschenbeth"]
[Result "0-1"]
[WhiteElo "2098"]
[BlackElo "2273"]
[TimeControl "180+2"]
[EndTime "17:55:03 PST"]
[Termination "GM_Huschenbeth won by resignation"]

1. e4 e6 2. d4 d5 3. Nc3 Bb4 4. e5 c5 5. a3 Bxc3+ 6. bxc3 Ne7 7. Qg4 O-O 8. Bd3 Nbc6 9. Qh5 Ng6 10. Nf3 Qc7 11.
O-O c4 12. Bxg6 fxg6 13. Qg4 Qf7 14. h4 b5 15. a4 b4 16. cxb4 Nxb4 17. Ba3 Nxc2 18.
Bxf8 Nxa1 19. Bxg7 Kxg7 20. Rxa1 Qf5 21. Qxf5 gxf5 22.
Rb1 Kf8 23. Kf1 a5 24. Ke2 Bd7 25. Kd2 h6 26. Rb6 Ke7 27. Rb7 Kd8 28. Kc3 Kc8 29. Rb6 Kc7 30. Rd6 Rg8 31. g3 Rb8 32. Ra6 Rb3+ 0-1

[Event "*** Titled Tuesday 3|2 Blitz"]
[Site "Chess.com"]
[Date "2016.02.02"]
[Round "5"]
[White "TheMagician"]
[Black "Zazuliak"]
[Result "0-1"]
[WhiteElo "2124"]
[BlackElo "2314"]
[TimeControl "180+2"]
[EndTime "17:55:21 PST"]
[Termination "Zazuliak won by resignation"]

1. e4 c5 2. Nf3 g6 3. d4 cxd4 4.
Nxd4 Bg7 5. Nc3 Nc6 6. Be3 Nf6 7. Be2 O-O 8. O-O d6 9. Qd2 Ng4 10. Bxg4 Bxg4 11. f4 Bd7 12. Nxc6 Bxc6 13. Rad1 Bxc3 14. Qxc3 Bxe4 15. f5 Re8 16. fxg6 Bxg6 17. Rd2 Rc8 18. Qb3 b6 19. c3 Qc7 20. Re1 Qc4 21. Qxc4 Rxc4 22. Bg5 f6 23. Bh6 Kf7 24. h3 Re4 25. Rf1 Rc8 26. Bf4 Rcc4 27. Bxd6 exd6 28. Rxd6 f5 29.
Rd7+ Re7 30. Rd6 Rce4 31. g4 Re1 32. gxf5 Rxf1+ 33. Kxf1 Bxf5 34. h4 Rd7 35. Rc6 Be6 36. h5 Bxa2 37. Ke2 Bd5 38. Rh6 Kg7 39. Re6 Bxe6 0-1

[Event "*** Titled Tuesday 3|2 Blitz"]
[Site "Chess.com"]
[Date "2016.02.02"]
[Round "5"]
[White "jcibarra"]
[Black "HustleStandard"]
[Result "1-0"]
[WhiteElo "2502"]
[BlackElo "2370"]
[TimeControl "180+2"]
[EndTime "17:55:26 PST"]
[Termination "jcibarra won by resignation"]

1. e4 c5 2. Nf3 e6 3. d4 cxd4 4. Nxd4 a6 5. c4 Nf6 6. Nc3 Qc7 7. a3 Be7 8. Be3 O-O 9. Be2 b6 10. Rc1 Bb7 11. f3 d6 12. O-O Nbd7 13. b4 Rac8 14. Qd2 Qb8 15. Rc2 Bd8 16. Kh1 Bc7 17. Bg1 Rfe8 18. Rb1 Ne5 19. Na4 Nfd7 20. c5 b5 21. c6 bxa4 22. b5 Nc5 23. bxa6 Nb3 24. Nxb3 Bxc6 25. a7 Qb7 26. Nd4 Qxb1 27. Nxc6 Ba5 28.
Ne7+ Kf8 29. Rxc8 Bxd2 30. a8=Q Rxc8 31. Nxc8 Be3 32. Nxd6+ Ke7 33. Qb7+ Qxb7 34. Nxb7 1-0

[Event "*** Titled Tuesday 3|2 Blitz"]
[Site "Chess.com"]
[Date "2016.02.02"]
[Round "5"]
[White "ethylalcohol"]
[Black "ZEN-22"]
[Result "0-1"]
[WhiteElo "1736"]
[BlackElo "2365"]
[TimeControl "180+2"]
[EndTime "17:55:34 PST"]
[Termination "ZEN-22 won on time"]

1. e4 d5 2. exd5 c6 3. Nc3 cxd5 4. d4 Nc6 5. Nf3 Bg4 6. Be2 e6 7. h3 Bxf3 8. Bxf3 Bb4 9. O-O Nge7 10. Ne2 Rc8 11.
c3 Bd6 12. Bf4 O-O 13. Re1 Ng6 14. Bxd6 Qxd6 15. g3 b5 16. Qd3 b4 17. h4 bxc3 18. bxc3 h6 19. h5 Nge7 20. Nf4 Rfd8 21. Rad1 Rc7 22.
Kg2 e5 23. dxe5 Nxe5 24. Qe3 Nxf3 25. Qxf3 Qc5 26. Rd3 Rcd7 27. Red1 Nc6 28. Rxd5 Rxd5 29. Rxd5 Rxd5 30. Nxd5 Ne5 31. Qe4 f6 32. f4 Nc4 33.
Qe8+ Kh7 34. Ne7 Ne3+ 35. Kf3 Qc4 36. Qg6+ Kh8 37. Qe8+ Kh7 38. Ng6 Qf1+ 39. Ke4 Qh1+ 0-1

[Event "*** Titled Tuesday 3|2 Blitz"]
[Site "Chess.com"]
[Date "2016.02.02"]
[Round "5"]
[White "Quiet_Desperation"]
[Black "Thomaslegend"]
[Result "1-0"]
[WhiteElo "2122"]
[BlackElo "2100"]
[TimeControl "180+2"]
[EndTime "17:55:40 PST"]
[Termination "Quiet_Desperation won on time"]

1. e4 c5 2. Nf3 d6 3. d4 cxd4 4. Nxd4 Nf6 5. Nc3 a6 6. Be3 e5 7. Nb3 Be6 8. f3 h5 9. Qd2 Be7 10. O-O-O Nbd7 11. Nd5 Bxd5 12. exd5 Nb6 13. Bxb6 Qxb6 14.
c4 Nd7 15. Kb1 Nc5 16. Nxc5 Qxc5 17. Bd3 O-O 18. g4 h4 19. g5 b5 20. Rc1 bxc4 21. Rxc4 Qb6 22. Rxh4 g6 23. Rg4 Kg7 24. h4 Rh8 25. f4 exf4 26. Qc3+ Kg8 27. Rxf4 Qe3 28. Rhf1 Rf8 29. Qc2 Qe5 30. Re4 Qxd5 31. Rxe7 Rh7 32. Bxg6 fxg6 33. Qxg6+ Kh8 34. Rxf8+ 1-0

[Event "*** Titled Tuesday 3|2 Blitz"]
[Site "Chess.com"]
[Date "2016.02.02"]
[Round "5"]
[White "BillieKimbah"]
[Black "Malev212"]
[Result "1-0"]
[WhiteElo "2510"]
[BlackElo "2325"]
[TimeControl "180+2"]
[EndTime "17:55:47 PST"]
[Termination "BillieKimbah won by resignation"]

1. d4 Nf6 2. Nf3 b6 3. c4 Bb7 4. g3 c5 5. d5 b5 6. Bg2 bxc4 7. Nc3 g6 8. e4 d6 9. e5 dxe5 10.
Nxe5 Bg7 11. Qa4+ Nbd7 12. Nc6 Qb6 13. O-O O-O 14. Re1 Rfe8 15. Qxc4 Kf8 16. Bf4 Rac8 17. Rac1 h6 18. Na4 Qa6 19. Qxa6 Bxa6 20. Nxc5 Nxc5 21. Rxc5 Bb7 22. b4 a6 23. a4 Nd7 24. Rcc1 g5 25.
Be3 e6 26. dxe6 Rxe6 27. b5 axb5 28. axb5 Nf6 29. Nd4 1-0

[Event "*** Titled Tuesday 3|2 Blitz"]
[Site "Chess.com"]
[Date "2016.02.02"]
[Round "5"]
[White "Yaacovn"]
[Black "DanielNaroditsky"]
[Result "0-1"]
[WhiteElo "2553"]
[BlackElo "2577"]
[TimeControl "180+2"]
[EndTime "17:56:09 PST"]
[Termination "DanielNaroditsky won by resignation"]

1. d4 Nf6 2. Nf3 g6 3. c4 Bg7 4.
Nc3 O-O 5. g3 d6 6. Bg2 Nbd7 7.
O-O e5 8. b3 Re8 9. e3 c6 10. Ba3 Qa5 11. Qc1 exd4 12. Nxd4 Qh5 13.
Bxd6 Ne5 14. Bxe5 Rxe5 15. Nce2 g5 16. f4 Re8 17. fxg5 Ng4 18. h4 Nxe3 19. Rf2 Nxg2 20. Kxg2 c5 21. Nf4 Qg4 22. Nb5 Bxa1 23. Qxa1 Re3 24. Qc1 Rxg3+ 25. Kh1 Bf5 26. Nd6 Rd8 27. Qd2 Rxd6 0-1